 Dungeon Crawl Stone Soup version 0.27-a0-1228-gfd60fd639a (webtiles) character file.

Game seed: 10233989356483146695

1253 ZappyNine the Insei (level 8, -6/60 HPs)
             Began as a Gnoll Transmuter on June 7, 2021.
             Mangled by an orc warrior
             ... wielding a +0 long sword of holy wrath
              (9 damage)
             ... on level 5 of the Dungeon.
             The game lasted 00:06:38 (5027 turns).

ZappyNine the Insei (Gnoll Transmuter)              Turns: 5027, Time: 00:06:39

Health: -6/60      AC:  2    Str: 15    XL:     8   Next: 51%
Magic:  0/17       EV: 15    Int: 18    God:
Gold:   239        SH:  0    Dex: 20    Spells: 13/19 levels left

rFire    + . .     SeeInvis .   a - +4 war axe "Gnoll's Regret" {vorpal, rElec rF+ rC+ Str+4}
rCold    + . .     Faith    .   (no shield)
rNeg     . . .     Spirit   +   p - +0 robe {Will+}
rPois    .         Reflect  .   (no helmet)
rElec    +         Harm     .   (no cloak)
rCorr    .         Rampage  .   (no gloves)
Will     +....                  (no boots)
Stlth    +++.......             e - amulet of guardian spirit
HPRegen  0.20/turn              f - +6 ring of intelligence
MPRegen  0.15/turn              m - +6 ring of dexterity

@: no status effects
A: fangs 1, strong nose, distributed training
a: no special abilities


You were on level 5 of the Dungeon.
You visited 1 branch of the dungeon, and saw 5 of its levels.

You collected 239 gold pieces.

Inventory:

Hand Weapons
 a - the +4 war axe "Gnoll's Regret" (weapon) {vorpal, rElec rF+ rC+ Str+4}
   (You found it on level 4 of the Dungeon)

   It inflicts extra damage upon your enemies.
   It affects your strength (+4).
   It protects you from fire.
   It protects you from cold.
   It insulates you from electricity.
Armour
 p - a +0 robe of willpower (worn)
Jewellery
 e - an amulet of guardian spirit (around neck)
 f - a +6 ring of intelligence (left hand)
 h - a ring of ice
 m - a +6 ring of dexterity (right hand)
Scrolls
 b - a scroll of vulnerability
 d - 4 scrolls of amnesia
Potions
 c - 2 potions of curing {unknown}
 g - 2 potions of invisibility
 i - a potion of mutation {unknown}
 k - a potion of berserk rage


   Skills:
 + Level 4.2 Fighting
 + Level 3.3 Short Blades
 + Level 3.3 Long Blades
 + Level 3.3 Axes
 + Level 3.3 Maces & Flails
 + Level 3.3 Polearms
 + Level 3.3 Staves
 + Level 3.3 Slings
 + Level 3.3 Bows
 + Level 3.3 Crossbows
 + Level 3.3 Throwing
 + Level 3.3 Armour
 + Level 5.7 Dodging
 + Level 3.3 Stealth
 + Level 3.3 Shields
 + Level 7.4 Unarmed Combat
 + Level 6.1 Spellcasting
 + Level 2.7 Conjurations
 + Level 2.7 Hexes
 + Level 2.7 Summonings
 + Level 2.7 Necromancy
 + Level 2.7 Translocations
 + Level 4.7 Transmutations
 + Level 2.7 Fire Magic
 + Level 2.7 Ice Magic
 + Level 2.7 Air Magic
 + Level 2.7 Earth Magic
 + Level 2.7 Poison Magic
 + Level 3.6 Invocations
 + Level 3.3 Evocations


You had 13 spell levels left.
You knew the following spells:

 Your Spells              Type           Power      Damage    Failure   Level
a - Beastly Appendage     Tmut           44%        N/A       1%          1
b - Spider Form           Tmut/Pois      9%         N/A       8%          3
c - Wereblood             Tmut           22%        N/A       2%          2

Your spell library contained the following spells:

 Spells                   Type           Power      Damage    Failure   Level
 Animate Skeleton         Necr           30%        N/A       3%          1
 Apportation              Tloc           30%        N/A       3%          1
 Corona                   Hex            16%        N/A       3%          1
 Foxfire                  Conj/Fire      60%        2x1d7     3%          1
 Summon Small Mammal      Summ           60%        N/A       3%          1
 Conjure Flame            Conj/Fire      15%        6-21      12%         3
 Inner Flame              Hex/Fire       15%        N/A       12%         3
 Ice Form                 Ice/Tmut       18%        N/A       26%         4
 Sticky Flame             Conj/Fire      15%        2d4       36%         4
 Hydra Form               Tmut           11%        N/A       43%         5
 Fireball                 Conj/Fire      7%         3d5       71%         5


Dungeon Overview and Level Annotations

Branches:
Dungeon (5/15)
 Temple: D:4-7

Altars:
Ashenzari
Elyvilon
Fedhas
Ru
Zin

Annotations:
D:3 2 transporters


Innate Abilities, Weirdness & Mutations

You have very sharp teeth.
Your uncanny sense of smell can sniff out nearby items.
Your experience applies equally to all skills.


Message History

You completely miss the orc warrior.
You claw the orc warrior, but do no damage.
You headbutt the orc warrior, but do no damage.
The orc warrior is heavily wounded.
Unknown command.
Items here: )))) [[[ ÷÷.
You slash the orc warrior! You claw the orc warrior.
Your headbutt misses the orc warrior. Your punch misses the orc warrior.
Your bite misses the orc warrior.
The orc warrior is almost dead.
The orc warrior barely misses you.
The orc warrior hits you with a +0 long sword of holy wrath!
* * * LOW HITPOINT WARNING * * *
Unknown command.
Okay, then.
Things that are here:
a +0 hand axe; an orc skeleton Your transformation is almost over.
Your horns disappear.
Your talons disappear.
Press: ? - help, v - describe, . - travel
Here: an orc warrior, wielding a +0 long sword of holy wrath and wearing a +0 plate armour (almost dead)
The floor.
Unknown command.
A jelly comes into view.
The orc shouts!
The orc hits you with a +0 dagger.
* * * LOW HITPOINT WARNING * * *
Items here: )))) [[[ ÷÷.
You closely miss the orc. You completely miss the orc warrior.
The jelly quivers.
The orc warrior hits you with a +0 long sword of holy wrath!!
* * * LOW HITPOINT WARNING * * *
The orc hits you with a +0 dagger.
* * * LOW HITPOINT WARNING * * *
The orc warrior barely misses you.
You slash the orc!
You kill the orc!
You hit the orc warrior.
The orc warrior hits you with a +0 long sword of holy wrath!
You die...

#. ### #.# ..# #.# #.#
#.#### #.# #.#<†# # #.#
###.#.##.#.#####.####...
...............oJ.......
###......#.###.#o####..
#.#.#### #.#@# #.#.#
#.#)# #.#.## #o#.#
#.#..# #.#.# #.##.# .#
#.#.# ∆ #.##.# .# #.#.#
###....###.# #.#.#
........##.# #.#.#
........##.# #.#.#


You could see an orc warrior, a jelly and an orc.

Vanquished Creatures
  Pikel (D:4)
  A hornet zombie (D:5)
  A necrophage (D:5)
  A centaur (D:5)
  2 lemures (D:4)
  A scorpion (D:5)
  A water moccasin zombie (D:5)
  A water moccasin skeleton (D:5)
  3 jellies (D:4)
  A bullfrog skeleton (D:5)
  2 orc priests
  An iguana (D:5)
  An orc wizard (D:5)
  A hound zombie (D:5)
  8 adders
  2 worms
  A dart slug (D:2)
  10 orcs
  5 ball pythons
  6 bats
  10 endoplasms
  7 goblins
  A hobgoblin (D:4)
  13 jackals
  5 frilled lizards
  11 kobolds
  A rat (D:3)
98 creatures vanquished.

Vanquished Creatures (others)
  7 fungi (D:4)
  7 toadstools (D:4)
14 creatures vanquished.

Grand Total: 112 creatures vanquished

Notes
Turn   | Place    | Note
-------+----------+-------------------------------------------
     0 | D:1      | ZappyNine the Gnoll Transmuter began the quest for the Orb.
     0 | D:1      | Reached XP level 1. HP: 17/17 MP: 6/6
   250 | D:1      | Reached XP level 2. HP: 19/23 MP: 5/7
   388 | D:1      | Found a faded altar of an unknown god.
  1459 | D:2      | Reached skill level 5 in Spellcasting
  1459 | D:2      | Reached XP level 3. HP: 26/28 MP: 5/9
  1466 | D:2      | Learned a level 3 spell: Spider Form
  1735 | D:3      | Reached skill level 1 in Invocations
  1936 | D:2      | Learned a level 2 spell: Wereblood
  1941 | D:3      | Reached skill level 1 in Short Blades
  1941 | D:3      | Reached skill level 1 in Long Blades
  1941 | D:3      | Reached skill level 1 in Axes
  1941 | D:3      | Reached skill level 1 in Maces & Flails
  1941 | D:3      | Reached skill level 1 in Polearms
  1941 | D:3      | Reached skill level 1 in Staves
  1941 | D:3      | Reached skill level 1 in Slings
  1941 | D:3      | Reached skill level 1 in Bows
  1941 | D:3      | Reached skill level 1 in Crossbows
  1941 | D:3      | Reached skill level 1 in Throwing
  1941 | D:3      | Reached skill level 1 in Armour
  1941 | D:3      | Reached skill level 1 in Stealth
  1941 | D:3      | Reached skill level 1 in Shields
  1941 | D:3      | Reached skill level 1 in Evocations
  1945 | D:3      | Reached XP level 4. HP: 33/34 MP: 6/11
  2070 | D:3      | Reached skill level 1 in Conjurations
  2070 | D:3      | Reached skill level 1 in Hexes
  2070 | D:3      | Reached skill level 1 in Summonings
  2070 | D:3      | Reached skill level 1 in Necromancy
  2070 | D:3      | Reached skill level 1 in Translocations
  2070 | D:3      | Reached skill level 1 in Fire Magic
  2070 | D:3      | Reached skill level 1 in Ice Magic
  2070 | D:3      | Reached skill level 1 in Air Magic
  2070 | D:3      | Reached skill level 1 in Earth Magic
  2070 | D:3      | Reached skill level 1 in Poison Magic
  2178 | D:3      | Found a broken altar of Ashenzari.
  2227 | D:3      | Found a large runed translucent door.
  2227 | D:3      | Found a large runed translucent door.
  2337 | D:3      | Found a blossoming altar of Fedhas.
  2345 | D:3      | Found a white marble altar of Elyvilon.
  2446 | D:3      | Found a transporter.
  2451 | D:3      | Reached XP level 5. HP: 40/40 MP: 12/12
  2547 | D:3      | Found a transporter.
  3122 | D:4      | Found a glowing silver altar of Zin.
  3422 | D:4      | Noticed a lemure
  3423 | D:4      | Noticed a lemure
  3424 | D:4      | Noticed a lemure
  3439 | D:4      | Killed a lemure
  3445 | D:4      | Killed a lemure
  3454 | D:4      | Noticed a lemure
  3455 | D:4      | Noticed Pikel
  3469 | D:4      | Killed Pikel
  3470 | D:4      | Reached skill level 5 in Dodging
  3470 | D:4      | Reached skill level 7 in Unarmed Combat
  3470 | D:4      | Reached XP level 6. HP: 40/47 MP: 5/14
  3470 | D:4      | Reached XP level 7. HP: 45/52 MP: 5/15
  3611 | D:4      | Found a sacrificial altar of Ru.
  4193 | D:4      | Identified the +4 war axe "Gnoll's Regret" {vorpal, rElec
                  | rF+ rC+ Str+4}
  4370 | D:5      | Entered Level 5 of the Dungeon
  4503 | D:5      | Reached XP level 8. HP: 52/60 MP: 11/16
  5026 | D:5      | HP: 3/60 [orc/+0 dagger (1)]
  5027 | D:5      | Mangled by an orc warrior

Illustrated notes

Levels and vault maps discovered:
D:1:      minmay_arrival_radiant_lines, layout_loops_ring,
          shapermc_ecumenical_altar_venn
D:2:      layout_loops_cross
D:3:      gammafunk_wand_slinger, layout_basic, cheibrodos_ashenzari_chains,
          jmf_multi_god_temple2, kennysheep_small_spiral,
          minmay_fractal_squares_gapless_5
D:4:      cheibrodos_fertilizer, layout_basic, zin_statuary,
          lemuel_doored_altar, minmay_misc_feat_cross, saegor_snake_ambush,
          uniq_pikel
D:5:      layout_basic, uniq_eustachio

Skill      XL: |  1  2  3  4  5  6  7  8 |
---------------+-------------------------+-----
Spellcasting   | 5 6 |  6.1
Invocations    | 1 2 3 |  3.6
Short Blades   | 1 2 3 |  3.3
Long Blades    | 1 2 3 |  3.3
Axes           | 1 2 3 |  3.3
Maces & Flails | 1 2 3 |  3.3
Polearms       | 1 2 3 |  3.3
Staves         | 1 2 3 |  3.3
Slings         | 1 2 3 |  3.3
Bows           | 1 2 3 |  3.3
Crossbows      | 1 2 3 |  3.3
Throwing       | 1 2 3 |  3.3
Armour         | 1 2 3 |  3.3
Stealth        | 1 2 3 |  3.3
Shields        | 1 2 3 |  3.3
Evocations     | 1 2 3 |  3.3
Conjurations   | 1 2 |  2.7
Hexes          | 1 2 |  2.7
Summonings     | 1 2 |  2.7
Necromancy     | 1 2 |  2.7
Translocations | 1 2 |  2.7
Fire Magic     | 1 2 |  2.7
Ice Magic      | 1 2 |  2.7
Air Magic      | 1 2 |  2.7
Earth Magic    | 1 2 |  2.7
Poison Magic   | 1 2 |  2.7
Fighting       | 3 4 |  4.2
Dodging        | 5 |  5.7
Unarmed Combat | 7 |  7.4
Transmutations | 4 |  4.7

Action                   |  1- 3 |  4- 6 |  7- 9 || total
-------------------------+-------+-------+-------++-------
Melee: Unarmed           |    64 |    92 |    35 ||   191
       Headbutt          |     7 |     1 |    12 ||    20
       Kick              |    10 |     4 |    17 ||    31
       Bite              |     1 |     3 |    11 ||    15
       Punch             |       |     1 |     1 ||     2
       War axe           |       |       |    71 ||    71
 Cast: Beastly Appendage |    22 |     4 |     8 ||    34
       Spider Form       |     2 |    10 |     4 ||    16
       Wereblood         |     1 |     5 |     2 ||     8
  Use: Scroll            |       |     4 |     4 ||     8
       Potion            |       |       |     1 ||     1
 Stab: Sleeping          |     2 |     1 |     2 ||     5
Armor: Robe              |     7 |    10 |     4 ||    21
       Skin              |       |     4 |       ||     4
Dodge: Dodged            |    51 |    58 |    94 ||   203

Table legend: (Time is in decaauts)
 A = Elapsed time spent in this place.
 B = Non-inter-level travel time spent in this place.
 C = Inter-level travel time spent in this place.
 D = Time resting spent in this place.
 E = Time spent auto-exploring this place.
 F = Levels seen in this place.
 G = Mean time per level.
                   A        B        C        D        E       F      G
               +--------+--------+--------+--------+--------+-----+--------+
         Total |   5058 |   4873 |    185 |    649 |   3362 |   5 | 1011.6 |
       Dungeon |   5058 |   4873 |    185 |    649 |   3362 |   5 | 1011.6 |
               +--------+--------+--------+--------+--------+-----+--------+

Top non-repeatable levels by time:
     D:4: 1495 daAuts
     D:3: 1123 daAuts
     D:2: 886 daAuts
     D:1: 875 daAuts
     D:5: 677 daAuts
